 Dungeon Crawl Stone Soup version 0.30.1 (webtiles) character file.

Game seed: 13851541261568212199

525 Destapler the Shield-Bearer (level 7, -14/61 HPs)
             Began as a Minotaur Fighter on July 5, 2023.
             Demolished by an ogre
             ... wielding a +0 giant club
              (25 damage)
             ... on level 4 of the Dungeon.
             The game lasted 00:07:42 (2721 turns).

Destapler the Shield-Bearer (Minotaur Fighter)      Turns: 2721, Time: 00:07:43

Health: -14/61     AC: 12    Str: 23    XL:     7   Next: 2%
Magic:  6/6        EV:  9    Int:  5    God:
Gold:   100        SH:  4    Dex:  7    Spells: 6/6 levels left

rFire   . . .        a - +0 broad axe
rCold   . . .        c - +0 buckler
rNeg    . . .        b - +0 scale mail
rPois   .            (helmet restricted)
rElec   .            o - +0 cloak
rCorr   .            (no gloves)
SInv    .            (no boots)
Will    .....        p - amulet of regeneration Stlth
                     r - +4 ring of protection
HPRegen 1.10/turn    (no ring)
MPRegen 0.10/turn

%: clarity
@: no status effects
A: horns 2, retaliatory headbutt, clarity, clumsy 1, high MP 1, wild magic 1
a: no special abilities


You were on level 4 of the Dungeon.
You visited 1 branch of the dungeon, and saw 4 of its levels.
You also visited: Sewer.

You collected 100 gold pieces.

Inventory:

Hand Weapons
 a - a +0 broad axe (weapon)
Missiles
 e - 3 atropa-tipped darts (quivered)
 k - 12 poisoned darts
 l - 18 stones
Armour
 b - a +0 scale mail (worn)
 c - a +0 buckler (worn)
 o - a +0 cloak (worn)
Jewellery
 p - an amulet of regeneration (around neck)
 r - a +4 ring of protection (left hand)
Wands
 s - a wand of roots (4)
Scrolls
 d - 3 scrolls of immolation {unknown}
 f - a scroll of blinking
 h - 2 scrolls of teleportation
 j - a scroll of amnesia
 m - a scroll of identify
 n - a scroll of poison
 q - a scroll of fog {unknown}
Potions
 g - a potion of might
 i - 5 potions of curing


   Skills:
 + Level 5.3 Fighting
 + Level 4.5 Axes
 + Level 3.0 Throwing
 + Level 5.3 Armour
 + Level 5.4 Shields


You had 6 spell levels left.
You didn't know any spells.
Your spell library contained the following spells:

 Spells                   Type           Power      Damage    Failure   Level
 Sting                    Tmut/Pois      0%         1d3       88%         1
 Sublimation of Blood     Necr           0%         N/A       95%         2
 Wereblood                Tmut           0%         N/A       95%         2
 Summon Lightning Spire   Summ/Air       0%         N/A       100%        4
 Summon Hydra             Summ           0%         N/A       100%        7


Dungeon Overview and Level Annotations

Branches:
Dungeon (4/15)              Sewer (visited)
 Temple: D:4-7

Altars:


Innate Abilities, Weirdness & Mutations

You have a pair of horns on your head.
You reflexively headbutt those who attack you in melee.
You possess an exceptional clarity of mind.
You are clumsy. (Dex -2)
You have an increased reservoir of magic. (+10% MP)
Your spells are a little harder to cast, but a little more powerful.


Message History

No target in view!
(D) Dungeon
Where to? (Enter - D:3, ? - help)
You see here a +0 robe.
There is a stone staircase leading down here.
You climb downwards.
The ogre shouts!
Found a scroll of identify.
Found a stone staircase leading up.
There is a stone staircase leading up here.
There are monsters nearby!
You block the ogre's attack.
You completely miss the jelly. You barely miss the ogre.
You hit the endoplasm but do no damage. You block the jelly's attack.
The endoplasm freezes you.
You are frozen.
You hit the jelly.
Your hands burn!
The jelly is moderately wounded.
You slash the ogre! You barely miss the endoplasm.
The ogre hits you with a +0 giant club! The endoplasm barely misses you.
You furiously retaliate!
You headbutt the endoplasm, but do no damage.
You block the jelly's attack.
You hit the jelly.
Your hands burn!
The jelly is heavily wounded.
You slash the endoplasm!
You kill the endoplasm!
You miss the phantom. You hit the ogre. You block the phantom's attack.
The jelly jiggles.
The jelly hits you.
You are splashed with acid!
The ogre hits you with a +0 giant club!!
* * * LOW HITPOINT WARNING * * *
The jelly hits you but does no damage. The phantom closely misses you.
You furiously retaliate!
You headbutt the phantom! The phantom attacks as you move away!
The phantom hits you.
* * * LOW HITPOINT WARNING * * *
The jelly barely misses you.
There is a stone staircase leading up here.
Unknown command.
The ogre hits you with a +0 giant club!!
You die...

#######
##.....##
#.#.......###
#.?...@OW...#
#..♣...J.♣.....
#...........###
#....♣.♣....#
#...........#
##.♣.....♣..#
#....<.....# .
.......#.#


You could see an ogre, a phantom and a jelly.

Vanquished Creatures
  Sigmund (D:3)
  2 bullfrogs (Sewer)
  Ijyb (D:3)
  Terence (D:3)
  6 gnolls (D:2)
  An adder (D:3)
  A worm (D:2)
  3 dart slugs
  17 endoplasms
  16 giant cockroaches
  3 goblins
  4 hobgoblins
  7 jackals
  3 kobolds
  11 quokkas
  15 ball pythons
  4 bats
  10 frilled lizards
  2 rats
108 creatures vanquished.

Notes
Turn   | Place    | Note
-------+----------+-------------------------------------------
     0 | D:1      | Destapler the Minotaur Fighter began the quest for the Orb.
     0 | D:1      | Reached XP level 1. HP: 19/19 MP: 0/0
   196 | D:1      | Reached XP level 2. HP: 24/27 MP: 1/1
   860 | D:2      | Reached skill level 1 in Throwing
   860 | D:2      | Reached XP level 3. HP: 11/33 MP: 2/2
   995 | D:2      | Reached XP level 4. HP: 32/40 MP: 3/3
  1581 | D:3      | Gained mutation: You have hidden genetic potential. [potion
                  | of mutation]
  1581 | D:3      | Gained mutation: You are clumsy. (Dex -2) [potion of
                  | mutation]
  1581 | D:3      | Gained mutation: You possess an exceptional clarity of
                  | mind. [potion of mutation]
  1594 | D:3      | Found a glowing drain.
  1608 | Sewer    | Entered a sewer
  1677 | Sewer    | Reached XP level 5. HP: 46/47 MP: 4/4
  1966 | Sewer    | Gained mutation: You have an increased reservoir of magic.
                  | (+10% MP) [hidden potential]
  1969 | Sewer    | Reached skill level 5 in Shields
  1969 | Sewer    | Reached XP level 6. HP: 33/55 MP: 5/5
  2083 | D:3      | Found a faded altar of an unknown god.
  2197 | D:3      | Noticed Terence
  2205 | D:3      | Killed Terence
  2206 | D:3      | Reached skill level 5 in Armour
  2294 | D:3      | Noticed Sigmund
  2305 | D:3      | Killed Sigmund
  2306 | D:3      | Reached skill level 5 in Fighting
  2314 | D:3      | Gained mutation: Your spells are a little harder to cast,
                  | but a little more powerful. [hidden potential]
  2314 | D:3      | Lost mutation: You have hidden genetic potential. [hidden
                  | potential expressed]
  2529 | D:3      | Noticed Ijyb
  2544 | D:3      | Killed Ijyb
  2545 | D:3      | Reached XP level 7. HP: 37/61 MP: 6/6
  2589 | D:3      | Got the Guide on the Altered Atmosphere
  2721 | D:4      | Demolished by an ogre

Illustrated notes

Levels and vault maps discovered:
D:1:      shiori_shiawase, layout_basic
D:2:      layout_basic, minmay_cupped
D:3:      layout_loops_ring, portal_sewer_entry_f,
          dreamdust_ecumenical_altar_grove, uniq_ijyb, uniq_sigmund,
          uniq_terence
D:4:      layout_gridville, mainiacjoe_overflow_24_doors,
          chequers_temple_overflow_statue_of_worship, minmay_temple_entry_waves,
          grunt_ministairs_10, uniq_edmund

Skill      XL: |  1  2  3  4  5  6 |
---------------+-------------------+-----
Shields        | 4 5 |  5.4
Fighting       | 4 5 |  5.3
Throwing       | 1 2 3 |  3.0
Armour         | 4 5 |  5.3
Axes           | 3 4 |  4.5

Action                     |  1- 3 |  4- 6 |  7- 9 || total
---------------------------+-------+-------+-------++-------
  Melee: War axe           |    60 |    13 |       ||    73
         Headbutt          |     5 |    17 |       ||    22
         Broad axe         |       |   155 |     5 ||   160
    Use: Potion            |     1 |     2 |       ||     3
         Scroll            |       |     7 |       ||     7
 Armour: Scale mail        |    31 |    90 |     1 ||   122
  Dodge: Dodged            |    33 |    80 |     4 ||   117
  Block: Buckler           |    17 |    51 |     4 ||    72
